[Event "*** Titled Tuesday Blitz"]
[Site "Chess.com"]
[Date "2020.05.05"]
[Round "8"]
[White "Kezin_Roman"]
[Black "NikolaGry"]
[Result "0-1"]
[WhiteElo "2778"]
[BlackElo "2647"]
[TimeControl "180+1"]
[EndTime "11:35:00 PDT"]
[Termination "NikolaGry won on time"]

1. d4 d5 2. c4 Nc6 3. Nc3 dxc4 4. Nf3 Nf6 5. Bg5 h6 6. Bxf6 exf6 7. e3 Na5 8. Bxc4 Nxc4 9. Qa4+ c6 10. Qxc4 Be6 11.
Qe2 Bd6 12. O-O O-O 13. h3 Re8 14. Ne4 Bf8 15. Nc5 Bxc5 16. dxc5 Bd5 17. Nd4 Qe7 18.
Rac1 Qe4 19. Qg4 Qxg4 20. hxg4 Re4 21. Rfd1 Kf8 22. Rc3 Rae8 23. Rdd3 Rxg4 24. f3 Rg5 25. e4 Be6 26. Nxe6+ fxe6 27. Rd7 Re7 28. Rxe7 Kxe7 29.
Rb3 Rxc5 30. Rxb7+ Kd6 31. Rxa7 Rc2 32. b3 g5 33. a4 h5 34. Rb7 Ke5 35. a5 Ra2 36.
b4 Kf4 37. Kh2 g4 38. fxg4 hxg4 39. Rf7 f5 40. exf5 exf5 41. Rf6 g3+ 42. Kh3 Ra1 0-1

[Event "*** Titled Tuesday Blitz"]
[Site "Chess.com"]
[Date "2020.05.05"]
[Round "8"]
[White "Skatchkov_V"]
[Black "Malysch"]
[Result "1/2-1/2"]
[WhiteElo "2552"]
[BlackElo "2427"]
[TimeControl "180+1"]
[EndTime "11:35:00 PDT"]
[Termination "Game drawn by agreement"]

1. d4 d5 2. c4 e6 3. Nf3 c6 4. e3 Nf6 5. Nbd2 Nbd7 6. Bd3 Be7 7. O-O O-O 8. e4 dxe4 9. Nxe4 Nxe4 10. Bxe4 Nf6 11.
Bc2 c5 12. b3 b6 13. Bb2 Bb7 14. Qd3 Be4 15. Qe2 Bxc2 16. Qxc2 Qc7 17. Rad1 Rfd8 18. dxc5 Bxc5 19. a3 Qf4 20. b4 Be7 21. Be5 Qe4 22. Qb3 Rac8 23. Rxd8+ Rxd8 24. Rc1 Rd3 25. Qc2 Rxa3 26. Qb2 Ra4 27. c5 Rxb4 28. Qd2 bxc5 29.
Bd6 Bxd6 30. Qxd6 h6 31. Qxc5 Rb1 32. h3 Rxc1+ 33. Qxc1 Qb7 34. Ne5 a5 35. Qc2 Nd5 36. Qa4 Qa8 37. Nc6 Nf6 1/2-1/2

[Event "*** Titled Tuesday Blitz"]
[Site "Chess.com"]
[Date "2020.05.05"]
[Round "8"]
[White "BasilSmash"]
[Black "WoolworthsManly"]
[Result "0-1"]
[WhiteElo "2438"]
[BlackElo "2649"]
[TimeControl "180+1"]
[EndTime "11:35:04 PDT"]
[Termination "WoolworthsManly won by resignation"]

1. d4 d5 2. Nf3 Nf6 3. g3 g6 4.
Bg2 Bg7 5. O-O O-O 6. c4 c6 7. b3 Ne4 8. Bb2 Bf5 9. e3 a5 10. Nc3 Nxc3 11. Bxc3 Be4 12. Qe2 a4 13. cxd5 cxd5 14. Qb5 Qd7 15. Qxd7 Nxd7 16. Bb4 Bf6 17. Rfc1 axb3 18. axb3 Rxa1 19. Rxa1 Nb6 20. Ra7 Rb8 21.
h4 Nc8 22. Ra1 e6 23. Ne5 Bxe5 24. dxe5 Bxg2 25. Kxg2 Nb6 26. Bc5 Ra8 27. Rc1 Rc8 28. f4 Nd7 29. Ba3 Rxc1 30. Bxc1 Kf8 31. Ba3+ Ke8 32. g4 Nb8 33. Bb4 Nc6 34. Bc3 h5 35. gxh5 gxh5 36. Kf3 Ne7 37. Be1 Nf5 38. Bf2 Kd7 39. e4 dxe4+ 40. Kxe4 Kc6 41. Be1 Kb5 42. Kd3 Kc5 43. Ke4 Ne7 44. Bd2 Nf5 45. Be1 Kc6 46. Bd2 Kb5 47. Be1 Kc5 48. Bd2 Nxh4 0-1

[Event "*** Titled Tuesday Blitz"]
[Site "Chess.com"]
[Date "2020.05.05"]
[Round "8"]
[White "Balla_Tamas"]
[Black "heartofatiger"]
[Result "0-1"]
[WhiteElo "2551"]
[BlackElo "2455"]
[TimeControl "180+1"]
[EndTime "11:35:05 PDT"]
[Termination "heartofatiger won by resignation"]

1. e4 Nf6 2. e5 Nd5 3. d4 d6 4. c4 Nb6 5. f4 g6 6. Nc3 Bg7 7. Be3 O-O 8. Nf3 Be6 9. b3 dxe5 10.
fxe5 c5 11. d5 Bg4 12. Bxc5 Bxe5 13. Bd4 Bxf3 14. gxf3 Nc6 15. Bxe5 Nxe5 16. f4 Ned7 17. Bg2 Nf6 18. O-O Nbd7 19. Qd4 a6 20. d6 exd6 21.
Bxb7 Rb8 22. Bxa6 Nc5 23. Bb5 Ne6 24. Qd2 d5 25. cxd5 Qb6+ 26. Qf2 Nd4 27. Bc4 Ng4 28.
Qg2 Nxb3+ 29. Kh1 Ne3 30. Qe2 Nxa1 31. Rxa1 Rfc8 32. Na4 Qb1+ 33. Qe1 Qxe1+ 34. Rxe1 Nxc4 35. f5 Nb2 36. fxg6 hxg6 37. Nxb2 Rxb2 38. Rd1 Rxa2 39. d6 Rd8 40. d7 Ra7 41. Kg2 Raxd7 42. Rc1 Rd2+ 43. Kf3 Kg7 44. Ke4 R8d3 45. Rc7 Rd4+ 46.
Ke3 Rd7 47. Rc6 Rxh2 48. Kf3 Rh3+ 49. Kg4 Rhd3 50. Kf4 R3d4+ 51. Ke3 R4d6 52. Rc5 Re6+ 53. Kf4 Rf6+ 54. Ke5 Rf5+ 55. Ke4 Rxc5 0-1

[Event "*** Titled Tuesday Blitz"]
[Site "Chess.com"]
[Date "2020.05.05"]
[Round "8"]
[White "kasparicy"]
[Black "awesomevishesh"]
[Result "0-1"]
[WhiteElo "2311"]
[BlackElo "2476"]
[TimeControl "180+1"]
[EndTime "11:35:05 PDT"]
[Termination "awesomevishesh won on time"]

1. e4 c5 2. Nf3 d6 3. d4 cxd4 4. Nxd4 Nf6 5. Nc3 a6 6. Qf3 g6 7. h3 Bg7 8. Be3 O-O 9. O-O-O Qc7 10. g4 Nc6 11. Kb1 Ne5 12. Qg2 b5 13. f4 Nc4 14.
Bxc4 bxc4 15. g5 Nh5 16. Nd5 Qb7 17. c3 e6 18. Nf6+ Nxf6 19. gxf6 Bxf6 20. h4 e5 21. fxe5 dxe5 22. Nc2 Bf5 23. Rhf1 Bxe4 24. Qh2 Rab8 25. Bc1 Bg7 26. Ka1 Bd3 27. Rh1 h5 28. Nb4 Be4 29. Rhe1 a5 30. Nc2 Rfd8 31. Rxd8+ Rxd8 32. Na3 Qd5 33. Qg1 Bf8 34. Nb1 Qd3 0-1

[Event "*** Titled Tuesday Blitz"]
[Site "Chess.com"]
[Date "2020.05.05"]
[Round "8"]
[White "Vusatiuk_Vladimir"]
[Black "yoolund"]
[Result "0-1"]
[WhiteElo "2337"]
[BlackElo "2556"]
[TimeControl "180+1"]
[EndTime "11:35:05 PDT"]
[Termination "yoolund won by resignation"]

1. e4 b6 2. d4 Bb7 3. Nc3 e6 4. Bd3 Nf6 5. Nge2 d5 6. e5 Ne4 7. f3 Nxc3 8. bxc3 Ba6 9. O-O Bxd3 10. cxd3 c5 11. a4 Nc6 12. dxc5 bxc5 13. f4 Be7 14. Be3 O-O 15. d4 f5 16. dxc5 Qa5 17. Qd3 Bxc5 18. Rfc1 Rab8 19. Nd4 Nxd4 20. Bxd4 Rfc8 21.
c4 Bxd4+ 22. Qxd4 Rb4 23. Qd2 Qc5+ 24. Kh1 Rxc4 25. Rxc4 Qxc4 26. a5 a6 27. h3 h6 28.
Rb1 Rc7 29. Rb8+ Kh7 30. Kh2 Qe4 31. Rb2 g5 32. fxg5 Qxe5+ 33. g3 hxg5 34. Rb8 Rc3 35.
Rb7+ Kh6 36. Qf2 Re3 37. Rb2 Rxg3 38. Qxg3 Qxb2+ 39. Kh1 Qc1+ 40. Kg2 Qd2+ 41. Kh1 Qd1+ 42. Kg2 Qe2+ 43. Kh1 f4 44. Qg1 Qf3+ 45. Kh2 Qg3+ 46.
Qxg3 fxg3+ 0-1

[Event "*** Titled Tuesday Blitz"]
[Site "Chess.com"]
[Date "2020.05.05"]
[Round "8"]
[White "emperor87"]
[Black "Mili_Brizzi"]
[Result "1-0"]
[WhiteElo "2581"]
[BlackElo "2447"]
[TimeControl "180+1"]
[EndTime "11:35:06 PDT"]
[Termination "emperor87 won by resignation"]

1. d4 d5 2. Nf3 Nf6 3. c4 c6 4. Nc3 dxc4 5. a4 Bf5 6. e3 e6 7.
Bxc4 Bb4 8. O-O O-O 9. Qe2 Nbd7 10. e4 Bg6 11. e5 Nd5 12. Ne4 c5 13. dxc5 Qc7 14.
Ng3 Rac8 15. h4 h6 16. h5 Bh7 17. Bd2 Bxd2 18. Qxd2 Nxe5 19. Bxd5 Rfd8 20. Nxe5 Qxe5 21. Qa5 Rxd5 22. Qxa7 Qxb2 23. Rfd1 Rcd8 24. Rdc1 Bd3 25.
Qb6 Qxb6 26. cxb6 Ba6 27. a5 Rb5 28. Ne4 Rdd5 29. Nc3 Rxa5 30. Nxd5 Rxd5 31. Rxa6 bxa6 32. b7 1-0

[Event "*** Titled Tuesday Blitz"]
[Site "Chess.com"]
[Date "2020.05.05"]
[Round "8"]
[White "AcsinteMatei"]
[Black "Roenko_Artur"]
[Result "1-0"]
[WhiteElo "2382"]
[BlackElo "2190"]
[TimeControl "180+1"]
[EndTime "11:35:06 PDT"]
[Termination "AcsinteMatei won on time"]

1. d4 d5 2. Bf4 Nc6 3. e3 e5 4. dxe5 g5 5. Bg3 h5 6. h4 g4 7. Nc3 Be6 8. Nge2 Bg7 9. Nd4 Nxe5 10. Bd3 Nxd3+ 11. Qxd3 Qd7 12. Ncb5 Rc8 13. Nxa7 Rd8 14. Nab5 Rc8 15. Nxe6 fxe6 16. Qg6+ Kf8 17. Nd4 Re8 18. O-O Rh6 19. Qd3 Nf6 20. f3 Kg8 21. Bf4 Rh8 22. Be5 c5 23. Bxf6 Bxf6 24. fxg4 Qg7 25. g5 Be5 26.
Qb5 Re7 27. Qxc5 1-0

[Event "*** Titled Tuesday Blitz"]
[Site "Chess.com"]
[Date "2020.05.05"]
[Round "8"]
[White "MasterKroket"]
[Black "tgpgoat"]
[Result "0-1"]
[WhiteElo "2430"]
[BlackElo "2120"]
[TimeControl "180+1"]
[EndTime "11:35:07 PDT"]
[Termination "tgpgoat won by resignation"]

1. d4 Nf6 2. c4 c5 3. d5 b5 4. cxb5 a6 5. bxa6 Bxa6 6. Nc3 g6 7. e4 Bxf1 8. Kxf1 d6 9. Nf3 Bg7 10. g3 Nbd7 11. Kg2 O-O 12. a4 Qb6 13. Qc2 Ng4 14. h3 Nge5 15. Nd2 Nb8 16. f4 Ned7 17. Nb5 Na6 18. Nc4 Qb7 19. Rd1 Rfb8 20. Ra3 Nb6 21. Nxb6 Qxb6 22. Bd2 Nb4 23. Bxb4 cxb4 24. Raa1 h5 25.
Rac1 h4 26. g4 Qe3 27. Qd3 Qxf4 28. Rf1 Qe5 29. b3 Rxb5 30. axb5 Ra2+ 31. Rf2 Rxf2+ 32. Kxf2 Qf4+ 33. Ke2 Qxc1 34. b6 Qb2+ 35. Kf1 Qd4 36. Qb5 Qd1+ 37. Kg2 Qd2+ 38. Kf3 Bd4 39. Qe2 Qxe2+ 40.
Kxe2 Bxb6 41. Kd3 Bc5 42. Kc4 Kg7 43. e5 g5 44. Kb5 Kg6 45. Kc4 f5 46. gxf5+ Kxf5 47. exd6 exd6 0-1

[Event "*** Titled Tuesday Blitz"]
[Site "Chess.com"]
[Date "2020.05.05"]
[Round "8"]
[White "Grandelicious"]
[Black "Rytenko_V"]
[Result "1-0"]
[WhiteElo "2738"]
[BlackElo "2481"]
[TimeControl "180+1"]
[EndTime "11:35:08 PDT"]
[Termination "Grandelicious won by resignation"]

1. Nf3 Nf6 2. g3 g6 3. b3 Bg7 4. Bb2 O-O 5. Bg2 c5 6. O-O d5 7.
e3 Nc6 8. Ne5 Nxe5 9. Bxe5 b6 10. c4 Bb7 11. Nc3 e6 12. d4 Ne4 13. Nxe4 dxe4 14. Bxg7 Kxg7 15. dxc5 bxc5 16. Qc2 f5 17. Rad1 Qf6 18. Rd7+ Rf7 19. Rfd1 Rf8 20. Bf1 Rxd7 21. Rxd7+ Rf7 22. Qd2 Rxd7 23. Qxd7+ Qf7 24. Qd6 Qf8 25. Qc7+ Qf7 26. Qxc5 Qd7 27. Qxa7 Kh6 28. Qd4 Qc7 29. b4 e5 30. Qc3 Qd6 31. c5 Qd1 32. b5 Bd5 33. c6 Be6 34. b6 f4 35. exf4 Bh3 36. Qc4 exf4 37. Qe2 Qc1 38. b7 f3 39. Qe3+ Qxe3 40. fxe3 1-0

[Event "*** Titled Tuesday Blitz"]
[Site "Chess.com"]
[Date "2020.05.05"]
[Round "8"]
[White "fabianvivasz"]
[Black "ZverevLev"]
[Result "0-1"]
[WhiteElo "2341"]
[BlackElo "2097"]
[TimeControl "180+1"]
[EndTime "11:35:08 PDT"]
[Termination "ZverevLev won by resignation"]

1. e4 e5 2. Nf3 Nc6 3. d4 exd4 4. Nxd4 Bc5 5. Nb3 Bb6 6. Nc3 Nf6 7. Qe2 a5 8. Bg5 O-O 9. Nd5 a4 10. Nxf6+ gxf6 11. Bh6 Kh8 12. Bxf8 axb3 13. Bh6 Nd4 14. Qg4 Nxc2+ 15. Kd2 Qg8 16. Qh4 Bd4 17. Rd1 Rxa2 18. Bc4 Rxb2 19. Kd3 c5 20. Bd2 d5 21. Bxd5 b5 22.
Bxb3 c4+ 23. Bxc4 bxc4+ 24. Kxc4 Ba6+ 25. Kd5 Qd8+ 26. Kc6 0-1

[Event "*** Titled Tuesday Blitz"]
[Site "Chess.com"]
[Date "2020.05.05"]
[Round "8"]
[White "TargetA"]
[Black "Gvetadze"]
[Result "0-1"]
[WhiteElo "2528"]
[BlackElo "2408"]
[TimeControl "180+1"]
[EndTime "11:35:09 PDT"]
[Termination "Gvetadze won by resignation"]

1. c4 Nf6 2. Nc3 g6 3. d4 Bg7 4. e4 O-O 5. f3 c5 6. d5 e6 7. Be3 d6 8. Bd3 exd5 9. cxd5 Re8 10. Nge2 a6 11. a4 Nbd7 12. O-O Rb8 13. Qc1 Ne5 14. Bc2 b5 15. axb5 axb5 16. Bh6 Bd7 17. Bxg7 Kxg7 18. Ng3 b4 19. Nce2 Bb5 20. Rf2 b3 21. Bb1 Qb6 22. Qg5 Nfd7 23. Nh5+ Kh8 24. Nf6 Nxf6 25. Qxf6+ Kg8 26. Nf4 Qd8 27. Qxd8 Rexd8 28. Ne2 Bd3 29. Nc3 Ra8 30. Rxa8 Rxa8 31. Bxd3 Nxd3 32.
Rd2 Ra1+ 33. Rd1 Rxd1+ 34. Nxd1 c4 35. Kf1 Nxb2 36. Nc3 Nd3 37. Ke2 Nb4 38. Ke3 Na2 39. Nb1 c3 0-1

[Event "*** Titled Tuesday Blitz"]
[Site "Chess.com"]
[Date "2020.05.05"]
[Round "8"]
[White "GoValya"]
[Black "Nellichka"]
[Result "0-1"]
[WhiteElo "2157"]
[BlackElo "2089"]
[TimeControl "180+1"]
[EndTime "11:35:12 PDT"]
[Termination "Nellichka won by checkmate"]

1. d4 Nf6 2. Nf3 c5 3. g3 d5 4.
Bg2 cxd4 5. Nxd4 e5 6. Nf3 Nc6 7. Bg5 Be7 8. Nc3 Be6 9. O-O O-O 10. a3 d4 11. Bxf6 gxf6 12. Ne4 f5 13. Ned2 e4 14. Ne1 Ne5 15. h3 Rc8 16. Nb3 Nc6 17. f3 Bd5 18.
fxe4 fxe4 19. Rf4 f5 20. g4 Bg5 21. Rxf5 Be3+ 22. Kh1 Rxf5 23. gxf5 Qh4 24. Nd3 Kh8 25.
Ndc5 Rg8 26. Qf1 Bf2 27. Rd1 Ne7 28. Nxd4 e3 29. Nde6 Bxg2+ 30. Qxg2 Rxg2 31. Rd8+ Rg8 32. Rxg8+ Kxg8 33. Nd7 Qxh3# 0-1

[Event "*** Titled Tuesday Blitz"]
[Site "Chess.com"]
[Date "2020.05.05"]
[Round "8"]
[White "maxsergej"]
[Black "BillCoe"]
[Result "1-0"]
[WhiteElo "2127"]
[BlackElo "2014"]
[TimeControl "180+1"]
[EndTime "11:35:12 PDT"]
[Termination "maxsergej won on time"]

1. e4 c5 2. Nf3 e6 3. d4 cxd4 4. Nxd4 a6 5. Be2 Qc7 6. O-O Bc5 7. Be3 d6 8. c4 Nf6 9. Nc3 Nc6 10. Qd2 O-O 11.
Rad1 Ne5 12. h3 Bd7 13. f4 Ng6 14. Bf3 e5 15. fxe5 dxe5 16. Nf5 Bxf5 17. exf5 Nf4 18. Kh2 Rad8 19. Nd5 N4xd5 20. Bxd5 Nxd5 21. cxd5 Bxe3 22. Qxe3 Qd6 23. Kh1 Rc8 24. f6 gxf6 25. Qh6 Kh8 26. Rxf6 Qd7 27. d6 Rg8 28. Qh5 Rg6 29. Qxe5 1-0

[Event "*** Titled Tuesday Blitz"]
[Site "Chess.com"]
[Date "2020.05.05"]
[Round "8"]
[White "DishonorOnYourCow"]
[Black "LiamPutnam2008"]
[Result "0-1"]
[WhiteElo "2331"]
[BlackElo "2530"]
[TimeControl "180+1"]
[EndTime "11:35:14 PDT"]
[Termination "LiamPutnam2008 won on time"]

1. d4 Nf6 2. c4 e6 3. Nf3 d5 4.
Nc3 c6 5. cxd5 exd5 6. Qc2 Bd6 7.
Bg5 h6 8. Bh4 O-O 9. e3 Nbd7 10.
Bd3 Re8 11. O-O-O b5 12. g4 b4 13. Ne2 c5 14. g5 hxg5 15. Nxg5 c4 16. Bh7+ Kf8 17.
Rhg1 Qa5 18. Nxf7 Kxf7 19. Qg6+ Ke7 20. Qxg7+ Kd8 21. Bxf6+ Kc7 22. Kb1 Rb8 23. Rc1 b3 24. axb3 Rxb3 25. Nc3 Ba3 26. Rc2 Bxb2 27. Nxd5+ Qxd5 28. Rxb2 c3 29. Be5+ Rxe5 30. Qxe5+ Nxe5 0-1

[Event "*** Titled Tuesday Blitz"]
[Site "Chess.com"]
[Date "2020.05.05"]
[Round "8"]
[White "ecwinslow"]
[Black "warmoatmeal"]
[Result "0-1"]
[WhiteElo "2196"]
[BlackElo "2038"]
[TimeControl "180+1"]
[EndTime "11:35:14 PDT"]
[Termination "warmoatmeal won by resignation"]

1. e4 c6 2. c4 d5 3. cxd5 cxd5 4. exd5 Nf6 5. Nc3 Nxd5 6. Nf3 Nc6 7. Bb5 Bg4 8. Qa4 Qd7 9. Ne5 Qe6 10. Bxc6+ bxc6 11. Qxc6+ Qxc6 12. Nxc6 Nxc3 13. dxc3 e6 14. Ne5 Bf5 15.
Be3 f6 16. Nf3 e5 17. O-O-O Be7 18. h3 h5 19. Nd2 Be6 20. Kb1 Kf7 21. f3 Rhc8 22. Ne4 Rc6 23. g4 hxg4 24. hxg4 a5 25.
Rd2 a4 26. a3 Rb8 27. Ka1 Rc4 28. Nd6+ Bxd6 29. Rxd6 Ke7 30. Rhd1 e4 31. Ra6 exf3 32. Ra7+ Kf8 33. Bf4 Rxf4 0-1

[Event "*** Titled Tuesday Blitz"]
[Site "Chess.com"]
[Date "2020.05.05"]
[Round "8"]
[White "Shield12"]
[Black "MPGM"]
[Result "1-0"]
[WhiteElo "2822"]
[BlackElo "2529"]
[TimeControl "180+1"]
[EndTime "11:35:15 PDT"]
[Termination "Shield12 won on time"]

1. e4 c6 2. Nf3 d5 3. d3 dxe4 4.
dxe4 Qxd1+ 5. Kxd1 Nd7 6. a4 e5 7.
a5 Ngf6 8. Nfd2 Nc5 9. f3 Be6 10. Bc4 O-O-O 11. Ke2 Bd6 12. b4 Bxc4+ 13. Nxc4 Ne6 14. c3 Bc7 15. Be3 Kb8 16. g3 h5 17.
h4 Ne8 18. Nbd2 f6 19. Rab1 Nd6 20. Nxd6 Bxd6 21. Nc4 Bc7 22. b5 cxb5 23. Rxb5 a6 24. Rb2 Rd7 25. Rhb1 Nd8 26. Bf2 Re8 27. Nb6 Bxb6 28.
Rxb6 Re6 29. Bc5 Kc8 30. R1b4 Rc6 31. Rc4 Rdc7 32. Rxc6 Rxc6 33. Kd3 Kd7 34. f4 exf4 35. gxf4 Ne6 36. Be3 Rxc4 37. Kxc4 Kc6 38. f5 Nd8 39. Bc5 Nf7 40. Bf8 Nd6+ 41. Kd4 Ne8 42. c4 Kc7 43.
Kc5 1-0

[Event "*** Titled Tuesday Blitz"]
[Site "Chess.com"]
[Date "2020.05.05"]
[Round "8"]
[White "jguerramzllo"]
[Black "Lion-Al-Messi"]
[Result "1-0"]
[WhiteElo "2611"]
[BlackElo "2424"]
[TimeControl "180+1"]
[EndTime "11:35:15 PDT"]
[Termination "jguerramzllo won on time"]

1. c4 b6 2. Nf3 Bb7 3. Nc3 Nf6 4. d3 e6 5. e4 d5 6. cxd5 exd5 7. e5 d4 8. exf6 dxc3 9. bxc3 Kd7 10. fxg7 Bxg7 11.
Qa4+ Ke7 12. Bg5+ f6 13. Bf4 Nd7 14. O-O-O Re8 15. Nh4 Kf8 16. Nf5 Ne5 17. Nxg7 Kxg7 18. d4 Ng6 19. Be3 Qd6 20. h4 Bd5 21. h5 Nf4 22.
Rh4 Ne6 23. Bd3 Kh8 24. Qc2 Qd7 25. h6 Rg8 26. g3 Qf7 27. c4 Bf3 28. Rd2 Ng5 29. d5 b5 30. Bd4 bxc4 31. Bxc4 Qe7 32. Rf4 Rgf8 33. Qc3 Ne4 34. Qxf3 Nxd2 35. Kxd2 Qb4+ 36.
Qc3 1-0

[Event "*** Titled Tuesday Blitz"]
[Site "Chess.com"]
[Date "2020.05.05"]
[Round "8"]
[White "icychess54"]
[Black "WhiteCapital80"]
[Result "1-0"]
[WhiteElo "2318"]
[BlackElo "2443"]
[TimeControl "180+1"]
[EndTime "11:35:15 PDT"]
[Termination "icychess54 won by resignation"]

1. c4 e6 2. Nf3 d5 3. e3 Nf6 4.
Nc3 Be7 5. cxd5 exd5 6. d4 c6 7. Be2 Bf5 8. O-O Nbd7 9. a3 a5 10. b3 O-O 11. Bb2 Bd6 12. Rc1 Qe7 13. a4 Rfe8 14. Bd3 Bg4 15. h3 Bh5 16. g4 Bg6 17. Bxg6 hxg6 18. Kg2 Ne4 19. Nxe4 dxe4 20. Nd2 Bc7 21.
Qc2 f5 22. f4 exf3+ 23. Rxf3 Qd6 24. Nf1 fxg4 25. hxg4 Nf6 26. Qxg6 Re4 27. Rxf6 Qxf6 28. Qxe4 Rf8 29. Qf5 Qh4 30. Qc2 Qxg4+ 31. Kh1 Qh4+ 32. Kg1 Rf6 33. d5 Qh5 34. Bxf6 Qg4+ 35. Qg2 Qxg2+ 36.
Kxg2 gxf6 37. dxc6 bxc6 38. Rxc6 Be5 39. Rc5 Bd6 40.
Rxa5 Kf7 41. Rb5 Bc7 42. a5 Bd6 43. a6 Bc5 44. Rxc5 1-0

[Event "*** Titled Tuesday Blitz"]
[Site "Chess.com"]
[Date "2020.05.05"]
[Round "8"]
[White "Caterpiller35"]
[Black "Witaliss"]
[Result "1-0"]
[WhiteElo "2314"]
[BlackElo "2446"]
[TimeControl "180+1"]
[EndTime "11:35:15 PDT"]
[Termination "Caterpiller35 won by resignation"]

1. d4 c6 2. Bf4 Qb6 3. e3 Qxb2 4. Nd2 Qb6 5. Ngf3 Nf6 6. Bd3 Nd5 7.
Bxb8 Rxb8 8. c4 Nf6 9. O-O d6 10. e4 Qc7 11. Re1 e5 12. c5 dxc5 13. dxe5 Nd7 14. e6 fxe6 15. Ng5 Ne5 16. Qh5+ g6 17. Qh3 Be7 18. f4 Bxg5 19. fxg5 Qd6 20. Re3 Qd4 21. Nb3 Qd6 22. Rd1 O-O 23. Bc2 Qe7 24. Qg3 Nd7 25. e5 Nb6 26. Nd2 Nd5 27. Ne4 Nxe3 28.
Nf6+ Kh8 29. Qxe3 b6 30. h4 Rf7 31. Rd6 Bb7 32. h5 gxh5 33. Qh3 Rd8 34. Qxh5 Rg7 35. Qd1 Rxd6 36. exd6 Qd8 37. Qh5 Qxd6 38. Qe8+ 1-0

[Event "*** Titled Tuesday Blitz"]
[Site "Chess.com"]
[Date "2020.05.05"]
[Round "8"]
[White "MarcoRiehle"]
[Black "LiderChessAcademy"]
[Result "1-0"]
[WhiteElo "2611"]
[BlackElo "2455"]
[TimeControl "180+1"]
[EndTime "11:35:16 PDT"]
[Termination "MarcoRiehle won by resignation"]

1. e4 c5 2. a3 g6 3. h4 h5 4.
Nc3 Bg7 5. Bc4 Nc6 6. d3 a6 7. Nf3 b5 8. Ba2 e6 9. Bg5 Nge7 10.
Qd2 Bb7 11. O-O Nd4 12. Nxd4 cxd4 13. Ne2 Qb6 14. Bxe7 Kxe7 15. f4 Bf6 16. f5 gxf5 17. exf5 Rag8 18. Nf4 Be5 19. Rf2 Rg4 20. fxe6 dxe6 21.
Nh3 Rhg8 22. Ng5 Rxh4 23. Rxf7+ Ke8 24. Bxe6 Bh2+ 25. Kf1 Bg3 26. Bd7+ Kd8 27. Ne6+ Qxe6 28. Bxe6 Rh1+ 29. Ke2 Rxa1 30. Qa5+ Ke8 31. Rxb7 Rg6 32. Bf7+ 1-0

[Event "*** Titled Tuesday Blitz"]
[Site "Chess.com"]
[Date "2020.05.05"]
[Round "8"]
[White "JozefKneht"]
[Black "drinbet"]
[Result "1-0"]
[WhiteElo "2465"]
[BlackElo "2304"]
[TimeControl "180+1"]
[EndTime "11:35:16 PDT"]
[Termination "JozefKneht won by resignation"]

1. e4 c5 2. Nf3 e6 3. d4 cxd4 4.
Nxd4 Nf6 5. Nc3 d6 6. Be2 a6 7. O-O Qc7 8. a4 Nc6 9. f4 Nxd4 10. Qxd4 d5 11. Be3 dxe4 12. Nxe4 Nxe4 13. Qxe4 Bc5 14.
f5 O-O 15. f6 g6 16. Kh1 Re8 17.
Rad1 e5 18. Bxc5 Qxc5 19. Rd5 Qc6 20. Qh4 h5 21. Qg5 Kh7 22. Bxh5 Qxd5 23. Bxg6+ fxg6 24. Qh4+ Kg8 25. f7+ Qxf7 26. Rxf7 Kxf7 27. Qh7+ Kf6 28. Kg1 Re7 29. Qh8+ Ke6 30. Kf2 Kd6 31. Ke3 b5 32. Qd8+ Rd7 33. Qb6+ Ke7 34. Qxg6 Bb7 35. h4 e4 36. h5 Re8 37. h6 Kd8 38. g4 Kc7 39.
g5 bxa4 40. Qf6 Rd6 41. Qg7+ Kc8 42. h7 Rdd8 43. g6 Bd5 44. Qc3+ Kd7 45. Qc5 Ke6 46. g7 Ke5 47. Qb6 Rc8 48. Qd4+ Ke6 49. c4 Rxc4 50.
g8=Q+ 1-0

[Event "*** Titled Tuesday Blitz"]
[Site "Chess.com"]
[Date "2020.05.05"]
[Round "8"]
[White "dbrankovic68"]
[Black "Gahan-MG"]
[Result "0-1"]
[WhiteElo "2455"]
[BlackElo "2605"]
[TimeControl "180+1"]
[EndTime "11:35:17 PDT"]
[Termination "Gahan-MG won by resignation"]

1. e4 c5 2. Nf3 e6 3. d4 cxd4 4. Nxd4 a6 5. Nc3 b5 6. Bd3 Bb7 7. O-O Qb6 8. Nb3 Qc7 9. Be3 Nf6 10. f4 b4 11. Na4 Nxe4 12. Nb6 Be7 13. Nxa8 Bxa8 14.
f5 O-O 15. Qg4 Nf6 16. Qh3 e5 17. Nd2 d5 18. Rac1 a5 19. c3 Qd7 20. Bg5 e4 21.
Be2 bxc3 22. bxc3 Nc6 23. Nb3 a4 24. Nd4 Nxd4 25. cxd4 Qa7 26. Rfd1 a3 27. g4 h6 28. Bf4 Ne8 29. Qg3 Bf6 30. Be5 Bg5 31.
Rc8 Bb7 32. Rc3 Be7 33. h4 f6 34. Bf4 Qa4 35. g5 fxg5 36. hxg5 Ba6 37. Bh5 Rxf5 38.
Bg4 Bxg5 39. Bxg5 Rxg5 40. Qb8 Qxd1+ 0-1

[Event "*** Titled Tuesday Blitz"]
[Site "Chess.com"]
[Date "2020.05.05"]
[Round "8"]
[White "Nbk90"]
[Black "Loiacono_Antonio"]
[Result "1-0"]
[WhiteElo "2503"]
[BlackElo "2369"]
[TimeControl "180+1"]
[EndTime "11:35:17 PDT"]
[Termination "Nbk90 won on time"]

1. Nf3 d5 2. g3 Nf6 3. Bg2 c6 4. O-O Bg4 5. d3 e6 6. b3 Nbd7 7. Bb2 Be7 8. c4 O-O 9. Nbd2 Re8 10. Qc2 Rc8 11. e4 dxe4 12. dxe4 Nc5 13. Rad1 Qb6 14.
Bc3 Rcd8 15. b4 Nd3 16. a3 a5 17. c5 Qc7 18. e5 Nh5 19. Nc4 axb4 20. axb4 Bf5 21.
Qe2 Ndf4 22. gxf4 Nxf4 23. Qe3 Nd5 24. Qc1 b5 25. Nd6 Bxd6 26. exd6 Qc8 27. Nd4 Bg6 28.
Rfe1 e5 29. Nxc6 Nf4 30. Qxf4 exf4 31. Rxe8+ 1-0

[Event "*** Titled Tuesday Blitz"]
[Site "Chess.com"]
[Date "2020.05.05"]
[Round "8"]
[White "Boliviar"]
[Black "Winehouse83"]
[Result "0-1"]
[WhiteElo "2323"]
[BlackElo "2510"]
[TimeControl "180+1"]
[EndTime "11:35:17 PDT"]
[Termination "Winehouse83 won by resignation"]

1. e4 c5 2. Nc3 e6 3. Nge2 Nc6 4. g3 d5 5. exd5 exd5 6. Bg2 Nf6 7. d3 Be7 8. O-O h6 9. Re1 O-O 10. h3 Re8 11. Nf4 d4 12. Ne4 Bf5 13. Nxf6+ Bxf6 14.
Rxe8+ Qxe8 15. Nd5 Be5 16. Bf4 Bxf4 17. Nxf4 Qd7 18. g4 Be6 19. a3 Re8 20. Qf3 Ne5 21. Qg3 Ng6 22. Nxe6 Qxe6 23. Be4 b6 24. b3 Qf6 25. Qc7 Nf4 26. Kh2 g6 27. a4 Kg7 28.
a5 Re7 29. Qb8 Rxe4 30. dxe4 d3 31. e5 Qh4 32. Rf1 Qxh3+ 0-1

[Event "*** Titled Tuesday Blitz"]
[Site "Chess.com"]
[Date "2020.05.05"]
[Round "8"]
[White "Bigfish1995"]
[Black "Alopekos"]
[Result "1-0"]
[WhiteElo "3086"]
[BlackElo "2477"]
[TimeControl "180+1"]
[EndTime "11:35:18 PDT"]
[Termination "Bigfish1995 won on time"]

1. d4 Nf6 2. c4 e6 3. Nf3 d5 4. g3 Be7 5. Bg2 O-O 6. O-O dxc4 7.
Qc2 b5 8. a4 b4 9. Nfd2 c6 10.
Nxc4 Qxd4 11. Rd1 Qc5 12. Be3 Qh5 13. h3 Nd5 14. Bd4 c5 15. g4 Qg6 16. Qxg6 hxg6 17. Be3 Nc6 18. Nbd2 Ba6 19. Rac1 Rfd8 20. Kf1 Rd7 21.
Bf4 Rad8 22. Bg3 Nd4 23. Ke1 Nb6 24. Ne5 Bxe2 25. Nxd7 Rxd7 26. a5 Nd5 27. Nc4 Bxd1 28. Rxd1 g5 29. Kf1 Bf6 30. Bd6 Be7 31. Bb8 Nf4 32. Ne5 Rd8 33. Bxa7 Nxg2 34. Kxg2 Bf6 35. Nc4 Ra8 36. Bxc5 Nb3 37. Bb6 1-0

[Event "*** Titled Tuesday Blitz"]
[Site "Chess.com"]
[Date "2020.05.05"]
[Round "8"]
[White "Richarzard69"]
[Black "Glidzhian_Gor"]
[Result "0-1"]
[WhiteElo "2314"]
[BlackElo "2495"]
[TimeControl "180+1"]
[EndTime "11:35:18 PDT"]
[Termination "Glidzhian_Gor won on time"]

1. Nf3 Nf6 2. c4 g6 3. Nc3 Bg7 4. e4 d6 5. d4 O-O 6. Be2 Nc6 7. d5 Nb8 8. Be3 e6 9. Nd2 exd5 10. cxd5 a6 11. a4 Re8 12. O-O Nbd7 13. f4 Nf8 14. Bf3 Rb8 15. a5 c6 16. Ba7 Ra8 17. Bb6 Qe7 18.
dxc6 bxc6 19. Nc4 d5 20. exd5 cxd5 21. Nxd5 Nxd5 22. Bxd5 Bb7 23. Bxb7 Qxb7 24. Nd6 Qc6 25. Nxe8 Rxe8 26. Qf3 Qb5 27. Rfe1 Ne6 28. f5 gxf5 29. Rf1 f4 30. Rae1 Rc8 31. Qg4 Rc6 32. Kh1 h5 33. Qf3 Rc2 34. Qa8+ Bf8 35. Qe4 Qxb2 36. h3 Rc8 37.
Qf3 Qb5 38. Rb1 Qf5 39. Rfe1 Rc2 40. Rbd1 Qg6 41. Rd5 Be7 42. Rxh5 Bg5 43. Qg4 f3 44. gxf3 Rc6 45. Rxe6 Qb1+ 46. Kh2 Rc2+ 0-1